 Dungeon Crawl Stone Soup version 0.17.1-3-g152610e (webtiles) character file.

10360 dobroeutro the Blocker (level 11, -2/98 (99) HPs)
             Began as a Minotaur Fighter on Apr 27, 2016.
             Was a Follower of Okawaru.
             Killed from afar by an electric eel (5 damage)
             ... with a bolt of electricity
             ... on level 11 of the Dungeon.
             The game lasted 00:25:24 (10744 turns).

dobroeutro the Blocker (Minotaur Fighter)          Turns: 10744, Time: 00:25:24

HP:   -2/98 (99)    AC: 11    Str: 29      XL:     11   Next: 35%
MP:   10/10         EV: 12    Int:  5      God:    Okawaru [*.....]
Gold: 442           SH: 13    Dex: 13 (14) Spells: 0 memorised, 10 levels left

rFire  . . .     SeeInvis .     a - +5 war axe (drain)
rCold  . . .     Clarity  .     b - +0 scale mail
rNeg   . . .     SustAt   .     c - +0 shield
rPois  .         Gourm    .     (helmet restricted)
rElec  .         Spirit   .     t - +0 cloak
rCorr  +         Warding  .     (no gloves)
rMut   .         Stasis   .     r - +0 pair of boots
MR     .....                    w - amulet of resist corrosion
Stlth  ..........               G - ring "Giske" {Str+5 Dex+4}
                                K - -2 ring of evasion (curse)

@: not resistant to hostile enchantments, extremely unstealthy
A: retaliatory headbutt, horns 2, deterioration 2, slow regeneration 1
a: Heroism, Renounce Religion


You were on level 11 of the Dungeon.
You worshipped Okawaru.
Okawaru was aware of your devotion.
You were not hungry.

You visited 2 branches of the dungeon, and saw 12 of its levels.
You also visited: Sewer.

You collected 477 gold pieces.
You spent 35 gold pieces at shops.

Inventory:

Hand Weapons
 a - a +5 war axe of draining (weapon)
 v - a +0 battleaxe
 A - a +1 hand axe of flaming
Armour
 b - a +0 scale mail (worn)
 c - a +0 shield (worn)
 r - a +0 pair of boots (worn)
 t - a +0 cloak (worn)
Jewellery
 w - an amulet of resist corrosion (around neck)
 G - the ring "Giske" (right hand) {Str+5 Dex+4}
   (You found it on level 6 of the Dungeon)

   [ring of strength]

   It affects your strength (+5).
   It affects your dexterity (+4).
 K - a cursed -2 ring of evasion (left hand)
 L - an uncursed ring of invisibility
 M - an uncursed ring of protection from cold
Wands
 m - a wand of fireball (5)
 y - a wand of flame (34)
 H - a wand of hasting (6)
 O - a wand of slowing (13)
 P - a wand of confusion (19)
Scrolls
 j - a scroll of magic mapping
 k - 7 scrolls of identify
 n - 2 scrolls of teleportation
 B - 2 scrolls of fog
 D - a scroll of recharging
 F - a scroll of fear
 Q - a scroll of blinking
Potions
 d - 3 potions of might
 f - 4 potions of agility
 g - 9 potions of curing
 h - a potion of resistance
 l - 4 potions of brilliance
 o - a potion of lignification
 p - a potion of berserk rage {unknown}
 q - 3 potions of poison
 s - 6 potions of heal wounds
 u - 3 potions of flight
 x - 2 potions of degeneration
 z - 2 potions of haste
 C - 2 potions of ambrosia
 E - a potion of cure mutation
Comestibles
 e - 14 bread rations
 i - 12 meat rations
 I - a slice of pizza
 J - 9 beef jerkies


   Skills:
 + Level 10.1 Fighting
 - Level 10.0 Axes
 + Level 10.2 Armour
 + Level 8.9 Dodging
 + Level 10.4 Shields


You had 10 spell levels left.
You didn't know any spells.

Dungeon Overview and Level Annotations

Branches:
Dungeon (11/15)            Temple (1/1) D:6
   Lair: D:8-11         Orc: D:9-12

Altars:
Ashenzari
Cheibriados
Dithmenos
Elyvilon
Fedhas
Gozag
Kikubaaqudgha
Makhleb
Nemelex Xobeh
Okawaru
Qazlal
Ru
Sif Muna
Trog
Vehumet
Xom
Yredelemnul
Zin
The Shining One

Shops:
D:8 *

Annotations:
D:6 dobroeutro's ghost, novice MiFi


Innate Abilities, Weirdness & Mutations

You reflexively headbutt those who attack you in melee.
You have a pair of horns on your head.
Your body often deteriorates upon taking damage.
You regenerate slowly when monsters are visible.


Message History

The electric eel shoots out a bolt of lightning at you!
The bolt of electricity misses you.
The electric eel shoots out a bolt of lightning at you!
The bolt of electricity hits you!
You see here a troll skeleton.
You slash the electric eel! You drain the electric eel!
You kill the electric eel!
Okawaru accepts your kill.
You hear a splash.
The electric eel shoots out a bolt of lightning at you!
The bolt of electricity hits you!
* * * LOW HITPOINT WARNING * * *
The electric eel shoots out a bolt of lightning at you!
The bolt of electricity hits you!
* * * LOW HITPOINT WARNING * * *
The electric eel shoots out a bolt of lightning at you!
The bolt of electricity hits you!
* * * LOW HITPOINT WARNING * * *
The bolt of electricity hits you!
You die...

. ###....### #.
...........
#.####..........
#....#.....≈≈..≈
#..=...≈≈≈≈≈≈≈ #
#....≈≈;≈≈≈≈≈
##.##.#.....≈≈≈≈.
#..÷<##†.≈≈≈≈≈≈≈.
#..##÷#@.÷.......
#. #....≈≈≈≈≈≈≈.
# #?)...≈≈≈≈≈≈≈.
##.#...≈≈≈≈.≈≈
#.#...≈≈≈.≈≈≈
#.#..≈≈≈..≈≈≈
#.#.........≈
#.#..........
#..........#


You could see an electric eel.

Vanquished Creatures
  Erica (D:8)
  The ghost of dobroeutro the Cleaver, a novice MiFi of Okawaru (D:7)
  Pikel (D:9)
  A hill giant (D:10)
  A redback zombie (D:9)
  A troll (D:11)
  Grinder (D:5)
  Prince Ribbit (D:5)
  A two-headed ogre (D:9)
  A wyvern (D:8)
  Eustachio (D:5)
  The ghost of dobroeutro the Chopper, an amateur MiFi (D:3)
  4 hippogriffs
  4 yaks (D:10)
  5 orc warriors
  4 wolves (D:11)
  3 ice beasts
  3 slaves (D:9)
  A black bear (D:10)
  2 necrophages
  A sky beast (D:6)
  A wasp (D:3)
  3 ogres
  3 phantoms
  2 centaurs
  13 big kobolds
  5 giant frogs
  A water moccasin zombie (D:6)
  A wyvern skeleton (D:9)
  5 wights (D:6)
  4 killer bees (D:8)
  The ghost of jacquesderrida the Caller, a weakling DsSu (Sewer)
  An electric eel (D:11)
  4 crimson imps
  2 quasits
  11 orc wizards
  A jelly (D:6)
  6 orc priests
  6 hounds
  Jessica (D:3)
  A centaur skeleton (D:5)
  A giant frog skeleton (D:9)
  Terence (D:3)
  Natasha (thrice) (D:3)
  3 iguanas
  7 worker ants
  A hound zombie (D:9)
  A hound skeleton (D:4)
  Robin (D:3)
  3 river rats (D:3)
  4 shadow imps
  10 adders
  2 oozes
  An adder zombie (D:9)
  2 adder skeletons
  2 worms
  3 giant geckos
  31 orcs
  3 ball pythons (Sewer)
  13 bats
  16 hobgoblins
  8 jackals
  7 quokkas
  13 giant cockroaches
  A giant cockroach zombie (D:6)
  A giant gecko skeleton (D:4)
  8 giant newts
  7 goblins
  A jackal skeleton (D:3)
  29 kobolds
  A quokka zombie (D:9)
  7 rats
302 creatures vanquished.

Vanquished Creatures (others)
  A centaur (D:5)
1 creature vanquished.

Grand Total: 303 creatures vanquished

Notes
Turn   | Place    | Note
--------------------------------------------------------------
     0 | D:1      | dobroeutro the Minotaur Fighter began the quest for the Orb.
     0 | D:1      | Reached XP level 1. HP: 19/19 MP: 0/0
   251 | D:1      | Reached XP level 2. HP: 23/26 MP: 1/1
   885 | D:2      | Reached skill level 4 in Axes
   942 | D:2      | Reached XP level 3. HP: 29/31 MP: 2/2
  1744 | D:3      | Noticed Natasha
  1744 | D:3      | Noticed dobroeutro's ghost (amateur MiFi)
  1751 | D:3      | Killed Natasha
  1751 | D:3      | Reached skill level 5 in Axes
  1751 | D:3      | Reached XP level 4. HP: 35/39 MP: 3/3
  1759 | D:3      | Killed dobroeutro's ghost
  1759 | D:3      | Reached skill level 7 in Axes
  1759 | D:3      | Reached XP level 5. HP: 10/45 MP: 4/4
  1856 | D:3      | Noticed Terence
  1861 | D:3      | Killed Terence
  2270 | D:3      | Reached XP level 6. HP: 51/51 MP: 5/5
  2307 | D:3      | Found a sacrificial altar of Ru.
  2330 | D:3      | Noticed Robin
  2334 | D:3      | Killed Robin
  2345 | D:3      | Noticed Natasha
  2347 | D:3      | Found a glowing drain.
  2351 | D:3      | Killed Natasha
  2354 | D:3      | Reached skill level 8 in Axes
  2373 | Sewer    | Entered a sewer
  2414 | Sewer    | Noticed jacquesderrida's ghost (weakling DsSu)
  2420 | Sewer    | Killed jacquesderrida's ghost
  2538 | Sewer    | Reached skill level 9 in Axes
  2540 | Sewer    | Reached XP level 7. HP: 55/57 MP: 6/6
  2700 | D:3      | Noticed Natasha
  2705 | D:3      | Killed Natasha
  2810 | D:3      | Paralysed by a wasp for 1 turns
  2815 | D:3      | Reached skill level 10 in Axes
  2886 | D:3      | Found a basalt altar of Yredelemnul.
  2984 | D:3      | Noticed Jessica
  2990 | D:3      | Killed Jessica
  3138 | D:3      | Found a glowing silver altar of Zin.
  3283 | D:4      | Reached skill level 1 in Dodging
  4075 | D:4      | Found a shimmering altar of Xom.
  4076 | D:4      | Found a burning altar of Makhleb.
  4096 | D:4      | Found a white marble altar of Elyvilon.
  4096 | D:4      | Found a sacrificial altar of Ru.
  4239 | D:5      | Entered Level 5 of the Dungeon
  4271 | D:5      | Noticed Grinder
  4276 | D:5      | Noticed Eustachio
  4572 | D:5      | Killed Grinder
  4572 | D:5      | Reached XP level 8. HP: 44/67 MP: 7/7
  4580 | D:5      | Reached skill level 5 in Armour
  4580 | D:5      | Reached skill level 5 in Shields
  4599 | D:5      | Killed Eustachio
  4599 | D:5      | Reached skill level 5 in Fighting
  5582 | D:5      | Noticed Prince Ribbit
  5590 | D:5      | Killed Prince Ribbit
  5640 | D:5      | Found a blossoming altar of Fedhas.
  5772 | D:6      | Got a wavering bone ring
  5923 | D:6      | Reached XP level 9. HP: 75/75 MP: 8/8
  6020 | D:6      | Found a staircase to the Ecumenical Temple.
  6031 | Temple   | Entered the Ecumenical Temple
  6196 | D:6      | Reached skill level 5 in Dodging
  6231 | D:6      | Noticed dobroeutro's ghost (novice MiFi)
  6580 | D:7      | Noticed dobroeutro's ghost (novice MiFi)
  6645 | D:7      | Killed dobroeutro's ghost
  7199 | D:7      | Gained mutation: Your body sometimes deteriorates upon taking damage. [potion of mutation]
  7199 | D:7      | Gained mutation: You regenerate slowly when monsters are visible. [potion of mutation]
  7199 | D:7      | Gained mutation: Your body often deteriorates upon taking damage. [potion of mutation]
  7569 | D:8      | Noticed Erica
  7578 | D:8      | Killed Erica
  7578 | D:8      | Reached XP level 10. HP: 69/88 MP: 9/9
  7790 | D:8      | Found Soahauff's Assorted Antiques.
  7797 | D:8      | Bought a scroll labeled SARIAT GITZE for 35 gold pieces
  7803 | D:8      | Identified the ring "Giske" {Str+5 Dex+4} (You found it on level 6 of the Dungeon)
  8931 | D:9      | Noticed Pikel
  8973 | D:9      | Killed Pikel
  9433 | D:9      | Reached XP level 11. HP: 88/97 MP: 10/10
  9620 | D:9      | Found an iron altar of Okawaru.
  9630 | D:9      | Became a worshipper of Warmaster Okawaru
  9766 | D:10     | Entered Level 10 of the Dungeon
  9784 | D:10     | Noticed a hill giant
  9790 | D:10     | Killed a hill giant
 10150 | D:10     | Reached skill level 10 in Shields
 10155 | D:10     | Reached skill level 10 in Armour
 10220 | D:10     | Reached * piety under Okawaru
 10385 | D:11     | Reached skill level 10 in Fighting
 10744 | D:11     | HP: 3/98 [electric eel/bolt of electricity (7)]
 10744 | D:11     | Killed from afar by an electric eel

Action                   |  1- 3 |  4- 6 |  7- 9 | 10-12 || total
-------------------------+-------+-------+-------+-------++-------
Melee: War axe           |   100 |   102 |   290 |   296 ||   788
  Use: Scroll            |       |     7 |    20 |     2 ||    29
       Potion            |       |       |     2 |       ||     2
  Eat: Chunk             |     2 |     3 |    15 |    12 ||    32
